 Dungeon Crawl Stone Soup version 0.28.0-43-g3370ac3207 (webtiles) character file.

Game seed: 99138471744665765

229 smarlow the Conjurer (level 6, 0/44 HPs)
             Began as a Gnoll Conjurer on Mar 30, 2022.
             Slain by Grinder (9 damage)
             ... while paralysed by Grinder
             ... on level 3 of the Dungeon.
             The game lasted 00:05:41 (3578 turns).

smarlow the Conjurer (Gnoll Conjurer)               Turns: 3578, Time: 00:05:42

Health: 0/44       AC:  4    Str:  3 (6)  XL:     6   Next: 3%
Magic:  2/13       EV:  2    Int: 18 (20) God:
Gold:   143        SH:  0    Dex: 13 (16) Spells: 12/15 levels left

rFire   . . .      SeeInvis .   o - +2 dagger (venom)
rCold   . . .      Faith    .   (no shield)
rNeg    . . .      Spirit   .   a - +0 robe
rPois   .          Reflect  .   (no helmet)
rElec   .          Harm     .   (no cloak)
rCorr   +          Rampage  .   (no gloves)
Will    .....      Clarity  +   (no boots)
Stlth   +++.......              (no amulet)
HPRegen 0.14/turn               d - ring of resist corrosion
MPRegen 0.13/turn               h - +6 ring of dexterity

@: paralysed, hasted
A: fangs 1, strong nose, distributed training, iridescent scales 1, clarity
a: no special abilities


You were on level 3 of the Dungeon.
You visited 1 branch of the dungeon, and saw 3 of its levels.

You collected 143 gold pieces.

Inventory:

Hand Weapons
 o - a +2 dagger of venom (weapon)
Armour
 a - a +0 robe (worn)
Jewellery
 d - a ring of resist corrosion (left hand)
 h - a +6 ring of dexterity (right hand)
Wands
 l - a wand of mindburst (6)
Scrolls
 c - 2 scrolls of magic mapping {unknown}
 e - a scroll of teleportation {unknown}
 f - 3 scrolls of noise {unknown}
 i - a scroll of immolation {unknown}
 j - a scroll of vulnerability {unknown}
 k - a scroll of fear {unknown}
Potions
 n - a potion of resistance {unknown}


   Skills:
 + Level 1.7 Fighting
 + Level 1.7 Short Blades
 + Level 1.7 Long Blades
 + Level 1.7 Axes
 + Level 1.7 Maces & Flails
 + Level 1.7 Polearms
 + Level 1.7 Staves
 + Level 1.7 Slings
 + Level 1.7 Bows
 + Level 1.7 Crossbows
 + Level 1.7 Throwing
 + Level 1.7 Armour
 + Level 4.9 Dodging
 + Level 4.5 Stealth
 + Level 1.7 Shields
 + Level 1.7 Unarmed Combat
 + Level 5.3 Spellcasting
 + Level 7.2 Conjurations
 + Level 1.3 Hexes
 + Level 1.3 Summonings
 + Level 1.3 Necromancy
 + Level 1.3 Translocations
 + Level 1.3 Transmutations
 + Level 1.3 Fire Magic
 + Level 1.3 Ice Magic
 + Level 1.3 Air Magic
 + Level 1.3 Earth Magic
 + Level 1.3 Poison Magic
 + Level 2.0 Invocations
 + Level 1.7 Evocations


You had 12 spell levels left.
You knew the following spells:

 Your Spells              Type           Power      Damage    Failure   Level
a - Magic Dart            Conj           100%       1d8       1%          1
b - Searing Ray           Conj           60%        2d6       1%          2

Your spell library contained the following spells:

 Spells                   Type           Power      Damage    Failure   Level
 Dazzling Flash           Conj/Hex       40%        N/A       7%          3
 Ensorcelled Hibernation  Hex/Ice        18%        N/A       11%         2
 Passwall                 Tmut/Erth      7%         N/A       11%         2
 Call Canine Familiar     Summ           9%         N/A       22%         3
 Portal Projectile        Hex/Tloc       18%        N/A       22%         3
 Swiftness                Air            9%         N/A       22%         3
 Fulminant Prism          Conj/Hex       10%        3d9       22%         4
 Iskenderun's Mystic Bla  Conj/Tloc      20%        2d6       22%         4
 Leda's Liquefaction      Hex/Erth       4%         N/A       58%         4
 Agony                    Necr           9%         N/A       90%         5
 Silence                  Hex/Air        4%         N/A       90%         5


Dungeon Overview and Level Annotations

Branches:
Dungeon (3/15)

Altars:

Shops:
D:2 *

Annotations:
D:3 Grinder


Innate Abilities, Weirdness & Mutations

You have very sharp teeth.
Your uncanny sense of smell can sniff out nearby items.
Your experience applies equally to all skills.
You are partially covered in iridescent scales. (AC +2)
You possess an exceptional clarity of mind.


Message History

The orc wizard is moderately wounded.
The orc wizard gestures at you while chanting.
The magic dart hits you.
The searing ray hits the orc wizard!
The orc wizard is severely wounded.
You finish channelling your searing ray.
Casting: Searing Ray (safe; 1% risk of failure)
Confirm with . or Enter, or press ? or * to list all spells.
Aiming: Searing Ray (safe; 1% risk of failure)
Press: ? - help, Shift-Dir - straight line, f/p - orc wizard
Aim: an orc wizard, wielding a +0 dagger and wearing a +0 robe (severely wounded, 76% to hit)
The searing ray misses the orc wizard. (Press . to maintain the ray.) Without enough magic to sustain it, your searing ray dissipates.
Grinder comes into view.
The orc wizard hits you but does no damage.
It was a potion of degeneration.
There was something very wrong with that liquid.
You feel weakened.
You feel dopey.
You feel clumsy.
Grinder blinks!
The orc wizard hits you with a +0 dagger.
It was a potion of mutation.
You feel extremely strange.
Your thoughts seem clearer.
Iridescent scales grow over part of your body.
The orc wizard hits you with a +0 dagger.
It was a potion of haste.
You feel yourself speed up. Grinder misses you.
The orc wizard hits you but does no damage.
Grinder hits you!
The orc wizard points at you and mumbles some strange words.
The magic dart hits you. Grinder gestures at you.
You suddenly lose the ability to move!
Grinder hits you!
* * * LOW HITPOINT WARNING * * *
Grinder hits you but does no damage.
A hobgoblin comes into view.
Grinder hits you but does no damage. Grinder hits you but does no damage.
Grinder hits you!
You die...

.########.#
#...............
###.....†.#
###.....####....
###.......# #...#.#
w.. ..........#
#####.##.# .
###.......#
......##.# #.....#.#
#.######.# ###.###.#
#.# #.# #.....# #.#
#####.######@#
#......#5##
#########..###..o.##
.......))..# #.....#
.########..###.....#
.####..........#.#g#
......###.######.#.#
..###.# #.# #....
..# #.# #.# ###)..


You could see Grinder, an orc wizard and a hobgoblin.

Vanquished Creatures
  Terence (D:3)
  3 orc wizards (D:3)
  A hound zombie (D:3)
  A hound skeleton (D:3)
  2 adders (D:2)
  An adder skeleton (D:3)
  2 adder zombies (D:3)
  3 dart slugs
  5 orcs (D:3)
  5 ball pythons
  6 endoplasms
  2 giant cockroaches (D:1)
  5 goblins
  5 hobgoblins
  4 quokkas
  A ball python skeleton (D:3)
  7 bats
  3 frilled lizards
  5 kobolds
  8 rats
70 creatures vanquished.

Vanquished Creatures (others)
  A withered plant (D:1)
1 creature vanquished.

Grand Total: 71 creatures vanquished

Notes
Turn   | Place    | Note
-------+----------+-------------------------------------------
     0 | D:1      | smarlow the Gnoll Conjurer began the quest for the Orb.
     0 | D:1      | Reached XP level 1. HP: 13/13 MP: 6/6
   245 | D:1      | Reached XP level 2. HP: 19/19 MP: 1/7
   272 | D:1      | Learned a level 2 spell: Searing Ray
   558 | D:1      | Found a faded altar of an unknown god.
  1199 | D:1      | Reached XP level 3. HP: 25/25 MP: 6/9
  1264 | D:1      | Reached skill level 5 in Spellcasting
  1714 | D:2      | Reached skill level 1 in Invocations
  1818 | D:2      | Reached skill level 1 in Fighting
  1818 | D:2      | Reached skill level 1 in Short Blades
  1818 | D:2      | Reached skill level 1 in Long Blades
  1818 | D:2      | Reached skill level 1 in Axes
  1818 | D:2      | Reached skill level 1 in Maces & Flails
  1818 | D:2      | Reached skill level 1 in Polearms
  1818 | D:2      | Reached skill level 1 in Staves
  1818 | D:2      | Reached skill level 1 in Slings
  1818 | D:2      | Reached skill level 1 in Bows
  1818 | D:2      | Reached skill level 1 in Crossbows
  1818 | D:2      | Reached skill level 1 in Throwing
  1818 | D:2      | Reached skill level 1 in Armour
  1818 | D:2      | Reached skill level 1 in Shields
  1818 | D:2      | Reached skill level 1 in Unarmed Combat
  1818 | D:2      | Reached skill level 1 in Evocations
  1903 | D:2      | Reached XP level 4. HP: 32/32 MP: 4/11
  2078 | D:2      | Found Piyseh's Assorted Antiques.
  2677 | D:3      | Reached skill level 1 in Hexes
  2677 | D:3      | Reached skill level 1 in Summonings
  2677 | D:3      | Reached skill level 1 in Necromancy
  2677 | D:3      | Reached skill level 1 in Translocations
  2677 | D:3      | Reached skill level 1 in Transmutations
  2677 | D:3      | Reached skill level 1 in Fire Magic
  2677 | D:3      | Reached skill level 1 in Ice Magic
  2677 | D:3      | Reached skill level 1 in Air Magic
  2677 | D:3      | Reached skill level 1 in Earth Magic
  2677 | D:3      | Reached skill level 1 in Poison Magic
  2764 | D:3      | Reached XP level 5. HP: 37/37 MP: 7/12
  3357 | D:3      | Noticed Terence
  3392 | D:3      | Killed Terence
  3482 | D:3      | Reached XP level 6. HP: 42/44 MP: 8/13
  3564 | D:3      | Noticed Grinder
  3566 | D:3      | Gained mutation: You possess an exceptional clarity of
                  | mind. [potion of mutation]
  3566 | D:3      | Gained mutation: You are partially covered in iridescent
                  | scales. (AC +2) [potion of mutation]
  3571 | D:3      | Paralysed by Grinder for 7 turns
  3578 | D:3      | Slain by Grinder

Illustrated notes

Levels and vault maps discovered:
D:1:      heliophobic_arrival_henge, layout_loops_cross,
          shapermc_ecumenical_altar_gd
D:2:      minmay_recursive_quarters, layout_basic, serial_shops, shop,
          minmay_tromino_v4_b
D:3:      layout_loops_ring, serial_shops, nicolae_lakefront_shop,
          serial_undead, serial_undead_d, serial_undead_f, serial_undead_c,
          serial_undead_a, serial_undead_d, serial_undead_e, uniq_terence,
          uniq_natasha, uniq_grinder

Skill      XL: |  1  2  3  4  5  6 |
---------------+-------------------+-----
Spellcasting   | 5 |  5.3
Invocations    | 1 2 |  2.0
Fighting       | 1 |  1.7
Short Blades   | 1 |  1.7
Long Blades    | 1 |  1.7
Axes           | 1 |  1.7
Maces & Flails | 1 |  1.7
Polearms       | 1 |  1.7
Staves         | 1 |  1.7
Slings         | 1 |  1.7
Bows           | 1 |  1.7
Crossbows      | 1 |  1.7
Throwing       | 1 |  1.7
Armour         | 1 |  1.7
Shields        | 1 |  1.7
Unarmed Combat | 1 |  1.7
Evocations     | 1 |  1.7
Hexes          | 1 |  1.3
Summonings     | 1 |  1.3
Necromancy     | 1 |  1.3
Translocations | 1 |  1.3
Transmutations | 1 |  1.3
Fire Magic     | 1 |  1.3
Ice Magic      | 1 |  1.3
Air Magic      | 1 |  1.3
Earth Magic    | 1 |  1.3
Poison Magic   | 1 |  1.3
Dodging        | |  4.9
Stealth        | |  4.5
Conjurations   | |  7.2

Action                   |  1- 3 |  4- 6 || total
-------------------------+-------+-------++-------
Melee: Unarmed           |     6 |       ||     6
       Bite              |     2 |       ||     2
       Punch             |     1 |       ||     1
 Cast: Magic Dart        |    81 |    55 ||   136
       Searing Ray       |       |    10 ||    10
  Use: Potion            |       |     3 ||     3
Armor: Robe              |     5 |     7 ||    12
Dodge: Dodged            |    14 |    14 ||    28
